 Dungeon Crawl Stone Soup version 0.21.1-1-g345015f (webtiles) character file.

2511 spiff the Caller (level 9, -7/55 HPs)
             Began as a Tengu Summoner on July 1, 2018.
             Was a Believer of Ashenzari.
             Mangled by a killer bee (9 damage)
             ... on level 8 of the Dungeon.
             The game lasted 00:44:54 (11558 turns).

spiff the Caller (Tengu Summoner)                  Turns: 11558, Time: 00:44:54

Health: -7/55      AC:  4    Str: 14    XL:     9   Next: 53%
Magic:  1/17       EV: 16    Int: 26    God:    Ashenzari [**....]
Gold:   151        SH:  0    Dex: 14    Spells: 9/18 levels left

rFire    . . .     SeeInvis +   k - +0 spear (curse)
rCold    . . .     Gourm    .   (no shield)
rNeg     . . .     Faith    .   C - +0 leather armour of Ethics {-Tele Str+3 Int+9 SInv} (curse)
rPois    +         Spirit   .   (helmet restricted)
rElec    .         Reflect  .   D - +0 cloak {MR+}
rCorr    .         Harm     .   (no gloves)
MR       +....     NoTele   +   (boots unavailable)
Stlth    ++........             (no amulet)
HPRegen  0.18/turn              t - ring of poison resistance (curse)
MPRegen  0.15/turn              (no ring)

@: very slightly contaminated
A: beak, talons 3, able to fly 1
a: Fly, Curse Item, Scrying, Renounce Religion


You were on level 8 of the Dungeon.
You worshipped Ashenzari.
Ashenzari was pleased with you.
You were not hungry.

You visited 1 branch of the dungeon, and saw 8 of its levels.

You collected 335 gold pieces.
You spent 184 gold pieces at shops.

Inventory:

Hand Weapons
 i - a -2 dagger
 k - a cursed +0 spear (weapon)
Missiles
 d - 2 throwing nets (quivered)
Armour
 a - a +1 robe
 C - the cursed +0 leather armour of Ethics (worn) {-Tele Str+3 Int+9 SInv}
   (You found it on level 6 of the Dungeon)

   It affects your strength (+3).
   It affects your intelligence (+9).
   It lets you see invisible.
   It prevents most forms of teleportation.
   It has a curse placed upon it.
 D - a +0 cloak of magic resistance (worn)
Jewellery
 t - a cursed ring of poison resistance (left hand)
Wands
 p - a wand of acid (14)
 q - a wand of flame (31)
 w - a wand of digging (26)
 y - a wand of random effects (25)
Scrolls
 e - 3 scrolls of remove curse
 h - 3 scrolls of blinking {unknown}
 j - 6 scrolls of identify
 o - 3 scrolls of teleportation
 v - a scroll of fear {unknown}
 B - a scroll of enchant weapon {unknown}
Potions
 f - 2 potions of curing
 g - a potion of flight
 l - 3 potions of brilliance {unknown}
 m - 2 potions of haste
 n - a potion of magic
 r - a potion of ambrosia {unknown}
 s - a potion of lignification {unknown}
 x - a potion of berserk rage
 z - a potion of heal wounds {unknown}
 A - 2 potions of degeneration {unknown}
Books
 b - a book of Callings

   Spells                             Type                      Level
   a - Summon Small Mammal            Summoning                    1
   b - Call Imp                       Summoning                    2
   c - Call Canine Familiar           Summoning                    3
   d - Summon Guardian Golem          Hexes/Summoning              3
   e - Summon Lightning Spire         Summoning/Air                4
   f - Summon Ice Beast               Ice/Summoning                4
 u - a book of Misfortune

   Spells                             Type                      Level
   a - Confusing Touch                Hexes                        1
   b - Confuse                        Hexes                        3
   c - Gell's Gravitas                Translocation                3
   d - Petrify                        Transmutation/Earth          4
   e - Metabolic Englaciation         Hexes/Ice                    5
   f - Yara's Violent Unravelling     Hexes/Transmutation          5
Comestibles
 c - 11 rations


   Skills:
 + Level 6.0 Fighting
 - Level 5.1(7.3) Polearms
 + Level 7.0 Dodging
 - Level 2.0 Stealth
 - Level 5.0 Spellcasting
 - Level 7.0 Summonings
 - Level 5.0 Air Magic


You had 9 spell levels left.
You knew the following spells:

 Your Spells              Type           Power        Failure   Level  Hunger
a - Summon Lightning Spi  Summ/Air       #####...     9%          4    ###....
b - Call Imp              Summ           #####...     1%          2    None
c - Call Canine Familiar  Summ           #####...     1%          3    #......


Dungeon Overview and Level Annotations

Branches:
Dungeon (8/15)             Temple (0/1) D:6
   Lair: D:8-11

Altars:
Ashenzari
Kikubaaqudgha
Makhleb
Nemelex Xobeh
Wu Jian
Xom
The Shining One

Shops:
D:7 [


Innate Abilities, Weirdness & Mutations

You have a beak for a mouth.
You have claws for feet.
You can fly.


Message History

An electric hum fills the air.
The killer bee stings you. The killer bee closely misses you.
The killer bee misses you. The killer bee stings you!
* * * LOW HITPOINT WARNING * * *
The killer bee stings you but does no damage.
The killer bee stings you.
* * * LOW HITPOINT WARNING * * *
The killer bee barely misses you. The killer bee closely misses you.
You hear an angry buzzing noise. 2 killer bees come into view.
You feel better.
The killer bee rages.
The killer bee closely misses you. The killer bee stings you.
* * * LOW HITPOINT WARNING * * *
The killer bee closely misses you. The killer bee stings you.
* * * LOW HITPOINT WARNING * * *
The killer bee stings you.
* * * LOW HITPOINT WARNING * * *
The killer bee stings you!
You die...

#. ..##.#y,,
,, #.... .y. ,
,, #$#. #.# ,
**
#...##y####...
, *
#.....y8{.....
####.#y###....
#.#y###.### ,
, #.yyy##.#
#.#y@##.# , *,
#.##y##.#### *
#....8.....#
####...>..##
##..<...# ,
#.....## ,
##....####
####....# , ,
###### *


You could see 10 killer bees and a friendly lightning spire.

Vanquished Creatures
  A phantom (D:5)
  2 centaurs
  2 bullfrogs
  A howler monkey (D:5)
  2 crimson imps
  2 centaur skeletons
  2 bullfrog skeletons
  3 hounds
  2 iguanas
  3 worker ants
  A hound zombie (D:5)
  A worker ant zombie (D:7)
  4 gnolls
  6 adders
  An ooze (D:4)
  An adder skeleton (D:7)
  3 worms
  A dart slug (D:3)
  3 leopard geckos
  11 orcs
  4 bats
  4 giant cockroaches
  7 goblins
  5 hobgoblins
  10 jackals
  4 quokkas
  4 frilled lizards
  4 kobolds
  A leopard gecko skeleton (D:4)
  5 rats
100 creatures vanquished.

Vanquished Creatures (collateral kills)
  An unseen horror (D:7)
  Pikel (D:6)
  Grinder (D:4)
  A sky beast (D:7)
  An orc warrior (D:6)
  4 slaves (D:6)
  A black bear (D:7)
  A necrophage (D:7)
  4 ogres
  A phantom (D:4)
  3 bullfrogs
  Blork the orc (D:4)
  A gnoll sergeant (D:5)
  2 crimson imps
  5 orc priests
  2 hounds
  Natasha (D:4)
  4 orc wizards
  3 worker ants
  7 adders
  7 gnolls
  A shadow imp (D:7)
  An ooze (D:1)
  3 worms
  A leopard gecko (D:1)
  16 orcs
  A giant cockroach (D:6)
  3 goblins
  4 hobgoblins
  6 jackals
  A quokka (D:4)
  2 ball pythons
  A bat (D:2)
  6 frilled lizards
  2 kobolds
  A quokka skeleton (D:5)
  A rat (D:2)
102 creatures vanquished.

Grand Total: 202 creatures vanquished

Notes
Turn   | Place    | Note
-------+----------+-------------------------------------------
     0 | D:1      | spiff the Tengu Summoner began the quest for the Orb.
     0 | D:1      | Reached XP level 1. HP: 10/10 MP: 4/4
   174 | D:1      | Reached skill level 5 in Summonings
   195 | D:1      | Reached XP level 2. HP: 15/15 MP: 6/6
   375 | D:1      | Learned a level 2 spell: Call Imp
   849 | D:1      | Reached XP level 3. HP: 12/19 MP: 7/7
   957 | D:1      | Learned a level 3 spell: Call Canine Familiar
  1849 | D:2      | Reached XP level 4. HP: 16/24 MP: 5/9
  2508 | D:2      | Found an ancient bone altar of Kikubaaqudgha.
  2634 | D:2      | Reached skill level 1 in Polearms
  2683 | D:2      | Found an ornate altar of the Wu Jian Council.
  2703 | D:2      | Found a shattered altar of Ashenzari.
  2711 | D:2      | Became a worshipper of Ashenzari the Shackled
  2873 | D:2      | Gained mutation: You can fly. [Tengu growth]
  2873 | D:2      | Reached XP level 5. HP: 24/28 MP: 7/11
  5019 | D:4      | Found a sand-covered staircase.
  5075 | D:4      | Noticed a phantom
  5110 | D:4      | Killed a phantom
  5110 | D:4      | Reached XP level 6. HP: 14/32 MP: 6/13
  5456 | D:4      | Noticed Grinder
  5457 | D:4      | Noticed Natasha
  5786 | D:4      | Learned a level 4 spell: Summon Lightning Spire
  5831 | D:4      | Noticed Blork the orc
  5841 | D:4      | Killed Blork the orc
  5841 | D:4      | Reached skill level 1 in Air Magic
  5936 | D:4      | Found a glowing golden altar of the Shining One.
  5942 | D:4      | Reached XP level 7. HP: 29/36 MP: 14/14
  6244 | D:4      | Killed Grinder
  6373 | D:4      | Killed Natasha
  6705 | D:5      | Entered Level 5 of the Dungeon
  7169 | D:5      | Reached * piety under Ashenzari
  7648 | D:5      | Reached skill level 5 in Spellcasting
  7932 | D:5      | Reached XP level 8. HP: 30/41 MP: 12/16
  8045 | D:5      | Reached skill level 5 in Polearms
  8106 | D:5      | Reached skill level 5 in Air Magic
  8585 | D:5      | Reached skill level 1 in Fighting
  9998 | D:6      | Found a sparkling altar of Nemelex Xobeh.
 10003 | D:6      | Noticed Pikel
 10247 | D:6      | Found a staircase to the Ecumenical Temple.
 10251 | D:6      | Got the cursed leather armour of Ethics {-Tele Str+3 Int+9 SInv}
 10262 | D:6      | Identified the cursed +0 leather armour of Ethics {-Tele Str+3 Int+9 SInv} (You found it on level 6 of the Dungeon)
 10335 | D:6      | Killed Pikel
 10335 | D:6      | Reached skill level 5 in Dodging
 10335 | D:6      | Reached XP level 9. HP: 52/52 MP: 13/17
 10544 | D:7      | Found Nixuw's Armour Emporium.
 10550 | D:7      | Reached ** piety under Ashenzari
 10552 | D:7      | Bought a +0 cloak of magic resistance for 184 gold pieces
 10600 | D:7      | Reached skill level 5 in Fighting
 10848 | D:7      | Noticed an unseen horror
 10878 | D:7      | Killed an unseen horror
 11189 | D:7      | Found a shimmering altar of Xom.
 11205 | D:7      | Found a burning altar of Makhleb.
 11545 | D:8      | Noticed a queen bee
 11558 | D:8      | HP: 2/55 [killer bee (6)]
 11558 | D:8      | Mangled by a killer bee

Skill      XL: |  1  2  3  4  5  6  7  8  9 |
---------------+----------------------------+-----
Summonings     | 5 6 7 |  7.0
Spellcasting   | 3 4 5 |  5.0
Polearms       | 1 2 3 4 5 |  5.1
Air Magic      | 1 4 5 |  5.0
Fighting       | 4 6 |  6.0
Dodging        | 5 7 |  7.0
Stealth        | |  2.0

Action                   |  1- 3 |  4- 6 |  7- 9 || total
-------------------------+-------+-------+-------++-------
Melee: Unarmed           |    24 |       |       ||    24
       Kick              |    20 |    41 |    63 ||   124
       Peck              |    13 |    19 |    36 ||    68
       Dagger            |    83 |    12 |       ||    95
       Spear             |       |   194 |   324 ||   518
 Cast: Summon Small Mamm |    12 |       |       ||    12
       Call Imp          |     5 |    14 |     9 ||    28
       Call Canine Famil |     7 |    25 |    18 ||    50
       Summon Lightning  |       |       |    28 ||    28
Invok: Curse Item        |       |     1 |     1 ||     2
 Abil: Fly               |       |     2 |       ||     2
  Use: Scroll            |     1 |     8 |       ||     9
       Potion            |       |     1 |     1 ||     2
 Stab: Sleeping          |     3 |     5 |     6 ||    14
       Distracted        |       |     3 |     1 ||     4
  Eat: Chunk             |     3 |    14 |    18 ||    35
       Ration            |       |     1 |     2 ||     3
Armor: Robe              |    29 |    31 |    16 ||    76
       Leather armour    |       |       |    18 ||    18
Dodge: Dodged            |    84 |    97 |   138 ||   319
